 Dungeon Crawl Stone Soup version 0.31-a0-1002-g8e65716e6e (webtiles) character file.

Game seed: 11208447157224986420

160 BinkBink the Ruffian (level 5, -3/49 HPs)
             Began as a Troll Shapeshifter on Nov 10, 2023.
             Slain by a gnoll
             ... wielding a +0 spear
              (7 damage)
             ... on level 4 of the Dungeon.
             The game lasted 00:02:16 (1756 turns).

BinkBink the Ruffian (Troll Shapeshifter)           Turns: 1756, Time: 00:02:17

Health: -3/49      AC:  4    Str: 23 (24) XL:     5   Next: 17%
Magic:  4/4        EV:  9    Int:  4 (6)  God:
Gold:   228        SH:  0    Dex:  7 (9)  Spells: 4/4 levels left

rFire   . .          .
                       - Unarmed
rCold   . . .        (no shield)
rNeg    . . .        a - +0 animal skin
rPois   .            (helmet currently unavailable)
rElec   .            (cloak currently unavailable)
rCorr   .            (gloves unavailable)
SInv    .            (boots unavailable)
Will    .....        (no amulet)
Stlth   +            (no ring)
HPRegen 1.08/turn    (no ring)
MPRegen 0.09/turn

%: no passive effects
@: beast-form
A: beast (slay +2), large, unfitting armour, claws 3, regeneration 1, shaggy fur
1, tough skin 1
a: Begin Untransformation


You were on level 4 of the Dungeon.
You were a hulking beast.
You visited 1 branch of the dungeon, and saw 4 of its levels.

You collected 228 gold pieces.

Inventory:

Armour
 a - a +0 animal skin (worn)
Jewellery
 e - a +6 ring of intelligence
 j - a ring of ice
 s - an amulet of faith
Talismans
 c - a beast talisman
 d - a flux talisman
Wands
 m - a wand of charming (10)
Scrolls
 g - 2 scrolls of fear {unknown}
 h - 7 scrolls of identify {unknown}
 k - a scroll of blinking {unknown}
 l - a scroll of noise {unknown}
 q - 2 scrolls of amnesia {unknown}
 r - a scroll of teleportation {unknown}
Potions
 b - a potion of lignification
 f - a potion of degeneration
 i - a potion of attraction {unknown}
 n - a potion of curing {unknown}
 o - a potion of heal wounds {unknown}
 p - a potion of cancellation


   Skills:
 + Level 2.1 Fighting
 + Level 2.5 Dodging
 + Level 3.9 Unarmed Combat
 + Level 3.8 Shapeshifting


You had 4 spell levels left.
You didn't know any spells.
Your spell library contained the following spells:

 Spells                   Type           Power      Damage    Failure   Level
 Apportation              Tloc           0%         N/A       50%         1
 Necrotise                Necr           0%         1d4       50%         1
 Summon Small Mammal      Summ           0%         N/A       50%         1
 Poisonous Vapours        Pois/Air       0%         N/A       65%         2
 Mephitic Cloud           Conj/Pois/Air  0%         N/A       86%         3
 Vampiric Draining        Necr           0%         2d6       86%         3
 Vhi's Electric Charge    Tloc/Air       0%         N/A       99%         4
 Agony                    Necr           0%         N/A       100%        5
 Arcjolt                  Conj/Air       0%         1d10      100%        5
 Freezing Cloud           Conj/Ice/Air   0%         6-21      100%        5
 Plasma Beam              Fire/Air       0%         2x1d10    100%        6


Dungeon Overview and Level Annotations

Branches:
Dungeon (4/15)
 Temple: D:4-7

Altars:
Cheibriados
Trog
Vehumet
The Shining One

Shops:
D:1 (


Innate Abilities, Weirdness & Mutations

You are a hulking beast.
Your limbs bulge with bestial killing power. (Slay +2)
You are too large for most types of armour.
You have claws for hands.
Your natural rate of healing is unusually fast.
You are covered in fur. (AC +1)
You have tough skin. (AC +1)


Message History

You kill the gnoll!
The gnoll closely misses you.
The gnoll hits you from afar with a +0 spear.
* * * LOW HITPOINT WARNING * * *
You scratch the gnoll.
The gnoll is severely wounded.
The gnoll hits you with a +0 flail.
* * * LOW HITPOINT WARNING * * *
The gnoll hits you from afar with a +0 spear.
* * * LOW HITPOINT WARNING * * *
It was a potion of degeneration.
There was something very wrong with that liquid.
You feel weakened.
You feel dopey.
You feel clumsy. The gnoll barely misses you. x2
It was a potion of cancellation.
You feel magically purged. The gnoll closely misses you.
The gnoll barely misses you.
You barely miss the gnoll. You claw the gnoll, but do no damage.
The gnoll is severely wounded.
The gnoll closely misses you.
You mangle the gnoll!!
You kill the gnoll!
The gnoll barely misses you. The gnoll hits you with a +0 spear.
* * * LOW HITPOINT WARNING * * *
You see here a +0 flail.
You claw the gnoll!
The gnoll is heavily wounded.
The gnoll hits you with a +0 spear.
* * * LOW HITPOINT WARNING * * *
You barely miss the gnoll.
The gnoll is heavily wounded.
The gnoll closely misses you.
You scratch the gnoll.
The gnoll is almost dead.
The gnoll hits you with a +0 spear.
* * * LOW HITPOINT WARNING * * *
You barely miss the gnoll.
The gnoll is almost dead.
The gnoll hits you with a +0 spear!
You die...

#......#.#)≈≈.>≈≈........
#..........≈≈≈≈≈≈..####..
#......#.#.≈≈≈≈≈≈..##...
##'###.#.#......)......#
#.###.#.>.....#.#.##....
#.....#..#.##.#.#.# #.#
#######............ .
#######.####)###...
......#.##.h.# .#.
..........g### ...8
...........## #.
#####.......## #........#
#~~~...#.# ♣~♣~~#.#...
♣~~~~~♣~###.# ♣~P~~~♣♣~
...


You could see a gnoll.

Vanquished Creatures
  Robin (D:2)
  5 gnolls
  2 adders
  A worm (D:3)
  3 orcs (D:3)
  3 bats
  4 endoplasms
  4 giant cockroaches
  21 goblins
  4 hobgoblins
  11 kobolds
  3 quokkas
  5 ball pythons
  A ball python zombie (D:2)
  2 frilled lizards (D:1)
  A quokka skeleton (D:2)
  5 rats
76 creatures vanquished.

Notes
Turn   | Place    | Note
-------+----------+-------------------------------------------
     0 | D:1      | BinkBink the Troll Shapeshifter began the quest for the
                  | Orb.
     0 | D:1      | Reached XP level 1. HP: 18/18 MP: 0/0
    56 | D:1      | Found Tohaf's Weapon Emporium.
    91 | D:1      | Reached skill level 1 in Fighting
   119 | D:1      | Reached XP level 2. HP: 27/27 MP: 1/1
   586 | D:2      | Reached XP level 3. HP: 33/33 MP: 2/2
   732 | D:2      | Noticed Robin
   755 | D:2      | Killed Robin
   834 | D:2      | Reached XP level 4. HP: 31/41 MP: 3/3
  1198 | D:3      | Found a radiant altar of Vehumet.
  1248 | D:3      | Found a glowing golden altar of the Shining One.
  1358 | D:3      | Found a snail-covered altar of Cheibriados.
  1636 | D:4      | Found a bloodstained altar of Trog.
  1645 | D:4      | Reached XP level 5. HP: 49/49 MP: 4/4
  1756 | D:4      | Slain by a gnoll

Illustrated notes

Levels and vault maps discovered:
D:1:      dpeg_arrival_rooms_b, layout_rooms, serial_shops, shop,
          lexackson_kobold_supper
D:2:      layout_rooms, serial_undead, serial_undead_f, serial_undead_f,
          serial_undead_c, serial_undead_d, uniq_robin
D:3:      layout_basic, slow_altar_1, vehumet_crystals, tso_oasis_becter
D:4:      layout_basic, mainiacjoe_overflow_catwalk, general_overflow_altar,
          minmay_temple_entry_sparse_star, serial_bayou_lake_a, uniq_duvessa

Skill      XL: |  1  2  3  4 |
---------------+-------------+-----
Fighting       | 1 2 |  2.1
Dodging        | 2 |  2.5
Unarmed Combat | |  3.9
Shapeshifting  | |  3.8

Action                     |  1- 3 |  4- 6 || total
---------------------------+-------+-------++-------
  Melee: Unarmed           |   126 |    71 ||   197
         Punch             |       |     1 ||     1
    Use: Potion            |       |     2 ||     2
 Armour: Animal skin       |    87 |    42 ||   129
  Dodge: Dodged            |    65 |    37 ||   102

Table legend: (Time is in decaauts)
 A = Elapsed time spent in this place.
 B = Non-inter-level travel time spent in this place.
 C = Inter-level travel time spent in this place.
 D = Time resting spent in this place.
 E = Time spent auto-exploring this place.
 F = Levels seen in this place.
 G = Mean time per level.
                   A        B        C        D        E       F      G
               +--------+--------+--------+--------+--------+-----+--------+
         Total |   1742 |   1684 |     58 |      0 |   1267 |   4 |  435.5 |
       Dungeon |   1742 |   1684 |     58 |      0 |   1267 |   4 |  435.5 |
               +--------+--------+--------+--------+--------+-----+--------+

Top non-repeatable levels by time:
     D:1: 566 daAuts
     D:3: 561 daAuts
     D:2: 487 daAuts
     D:4: 127 daAuts
